 Dungeon Crawl Stone Soup version 0.22-a0-259-gdd11e71 (webtiles) character file.

10045 Gorglomux the Fighter (level 11, 0/104 HPs)
             Began as a Minotaur Summoner on Mar 5, 2018.
             Was an Elder of Okawaru.
             Slain by a minotaur
             ... wielding a +1 spear of pain
              (26 damage)
             ... in a labyrinth.
             The game lasted 00:26:36 (16765 turns).

Gorglomux the Fighter (Minotaur Summoner)          Turns: 16765, Time: 00:26:36

Health: 0/104      AC: 17    Str: 15    XL:     11   Next: 31%
Magic:  13/13      EV: 14    Int: 12    God:    Okawaru [****..]
Gold:   161        SH:  5    Dex: 12    Spells: 12/12 levels left

rFire    . . .     SeeInvis .   H - +2 dagger (drain)
rCold    . . .     Gourm    .   (no shield)
rNeg     . . .     Faith    .   s - +0 chain mail
rPois    .         Spirit   .   (helmet restricted)
rElec    .         Reflect  +   D - +2 cloak
rCorr    .         Harm     .   (no gloves)
MR       +....                  (no boots)
Stlth    ..........             G - +5 amulet of reflection
HPRegen  0.27/turn              m - ring of protection from magic
MPRegen  0.13/turn              O - +3 ring of evasion

@: heroism
A: retaliatory headbutt, horns 2
a: Heroism, Renounce Religion


You were in a labyrinth.
You worshipped Okawaru.
Okawaru was greatly pleased with you.
You were not hungry.

You visited 2 branches of the dungeon, and saw 12 of its levels.
You also visited: Labyrinth.

You collected 671 gold pieces.
You spent 510 gold pieces at shops.

Inventory:

Hand Weapons
 H - a +2 dagger of draining (weapon)
Missiles
 Z - 2 throwing nets (quivered)
Armour
 s - a +0 chain mail (worn)
 D - a +2 cloak (worn)
 S - a +0 large shield
Jewellery
 m - a ring of protection from magic (left hand)
 y - an uncursed ring of protection from magic
 G - a +5 amulet of reflection (around neck)
 O - a +3 ring of evasion (right hand)
Wands
 o - a wand of flame (24)
 A - a wand of acid (3)
 C - a wand of disintegration (10)
 I - a wand of iceblast (7)
 K - a wand of polymorph (23)
 P - a wand of paralysis (10)
Scrolls
 l - 5 scrolls of fog
 B - a scroll of blinking
 F - 2 scrolls of enchant weapon
 N - 2 scrolls of immolation
 R - a scroll of identify
 T - a scroll of teleportation
Potions
 j - 2 potions of haste
 t - 2 potions of resistance
 J - 4 potions of flight
 L - a potion of agility
 M - a potion of cancellation
 U - 2 potions of brilliance
 V - a potion of lignification
 W - a potion of heal wounds
 Y - a potion of invisibility
Comestibles
 c - 11 rations


   Skills:
 + Level 11.7(16.7) Fighting
   Level 11.5(16.5) Axes
 + Level 11.6(16.6) Armour
 - Level 2.7(7.7) Dodging
 - Level 1.5(6.5) Stealth
 - Level 1.3 Spellcasting
   Level 2.9 Summonings
 - Level 4.3 Invocations


You had 12 spell levels left.
You didn't know any spells.

Dungeon Overview and Level Annotations

Branches:
Dungeon (11/15)            Temple (1/1) D:4            Lair (0/6) D:8
    Orc: D:9-12

Altars:
Ashenzari
Cheibriados
Dithmenos
Elyvilon
Fedhas
Gozag
Hepliaklqana
Kikubaaqudgha
Makhleb
Nemelex Xobeh
Okawaru
Qazlal
Ru
Sif Muna
Trog
Uskayaw
Vehumet
Wu Jian
Xom
Yredelemnul
Zin
The Shining One

Shops:
D:8 [   D:10 }

Annotations:
D:2 1 runed door
D:3 Grinder, Pikel


Innate Abilities, Weirdness & Mutations

You reflexively headbutt those who attack you in melee.
You have a pair of horns on your head.


Message History

You block the minotaur's attack!
Unknown command!
You perforate the minotaur but do no damage!
You drain the minotaur!!!
The minotaur is moderately wounded!
You skewer the minotaur like a kebab! You drain the minotaur!!!
The minotaur is moderately butt!
The minotaur butt-ly misses you!
The minotaur gores you but does no damage!
You barely butts the minotaur!
The minotaur furiously retaliates!!!
The minotaur headbutts you!!!!!! * * * don't die
* * * The minotaur is moderately butt!
The minotaur completely misses you!
The minotaur gores you but does no damage!
You barely butts the minotaur!
The minotaur furiously retaliates!!!
The minotaur headbutts you, butt does no damage!
The minotaur is moderately wounded!
The minotaur hits you with a spear of pain!!!!!! rip

## ## #### .#
### # .#
...... .# .#
.. # # # . #
. ##.# #. #.
#. . #. .#
.... . # . .
# .#
###.#####.
##. # . . .
.# .. .#.#.
.....# .. #
.# # #
#####.##.##.
##.8.# # # .
#.H........
..8 [ 8. # #
###.#@#####.#
. ..≈. # .
#.(.#...#..)
...8.[.8. .#.
## .#####.# #
. #.#.8. # #.
... ... .#
=.# # # #####
# ### #. . #
##. H. #


You could see a minotaur.

Vanquished Creatures
  3 two-headed ogres
  A manticore (D:11)
  A gargoyle (Lab)
  2 hornets (D:10)
  5 trolls
  2 hippogriffs (D:9)
  2 redbacks (Lab)
  3 wyverns
  A shadow (Lab)
  A basilisk (D:10)
  2 yaks (D:8)
  3 hungry ghosts
  Menkaure (D:6)
  An acid dragon (D:8)
  4 porcupines (D:8)
  2 orc warriors
  An ice beast (D:5)
  3 slaves
  2 black bears (D:8)
  3 ogres
  A wolf (D:5)
  A boggart (D:7)
  2 centaurs
  2 crocodiles
  6 bullfrogs
  An earth elemental (Lab)
  A wyvern zombie (D:10)
  A wyvern skeleton (D:10)
  A scorpion (D:4)
  A killer bee (D:8)
  4 wights (D:8)
  A howler monkey (D:8)
  A bullfrog zombie (D:9)
  A centaur zombie (D:7)
  3 crimson imps
  2 quasits
  A jelly (D:6)
  5 orc priests
  3 hounds
  A centaur skeleton (D:4)
  Terence (D:2)
  6 orc wizards
  9 worker ants
  2 iguanas
  A worker ant zombie (D:6)
  10 gnolls
  A howler monkey skeleton (D:9)
  8 adders
  An ooze (D:1)
  An adder skeleton (D:7)
  2 worms
  4 dart slugs
  5 leopard geckos
  33 orcs
  6 giant cockroaches
  8 goblins
  8 hobgoblins
  17 jackals
  2 quokkas
  12 bats
  3 frilled lizards
  A jackal zombie (D:6)
  7 kobolds
  A leopard gecko skeleton (D:7)
  2 quokka skeletons
  7 rats
240 creatures vanquished.

Vanquished Creatures (others)
  41 fungi (D:8)
  10 plants (D:8)
51 creatures vanquished.

Grand Total: 291 creatures vanquished

Notes
Turn   | Place    | Note
-------+----------+-------------------------------------------
     0 | D:1      | Gorglomux the Minotaur Summoner began the quest for the Orb.
     0 | D:1      | Reached XP level 1. HP: 14/14 MP: 1/1
    87 | D:1      | Reached skill level 1 in Fighting
    87 | D:1      | Reached skill level 1 in Armour
    88 | D:1      | Reached XP level 2. HP: 17/23 MP: 3/3
   654 | D:1      | Reached XP level 3. HP: 19/29 MP: 4/4
  1107 | D:2      | Noticed Terence
  1348 | D:2      | Reached skill level 1 in Axes
  2072 | D:2      | Killed Terence
  2072 | D:2      | Reached XP level 4. HP: 12/37 MP: 5/5
  2341 | D:2      | Found a runed door.
  2385 | D:3      | Noticed Grinder
  2388 | D:3      | Paralysed by Grinder for 5 turns
  3017 | D:3      | Paralysed by Grinder for 5 turns
  3417 | D:3      | Reached skill level 3 in Fighting
  3426 | D:3      | Reached skill level 3 in Armour
  3709 | D:3      | Reached XP level 5. HP: 45/45 MP: 6/6
  3786 | D:4      | Noticed Pikel
  3786 | D:4      | Noticed a slave
  3786 | D:4      | Noticed a slave
  3786 | D:4      | Noticed a slave
  3786 | D:4      | Noticed a slave
  4258 | D:3      | Killed a slave
  4487 | D:3      | HP: 2/45 [slave[Pikel] (4)]
  4769 | D:3      | Paralysed by Grinder for 2 turns
  4780 | D:3      | Paralysed by Grinder for 6 turns
  4896 | D:2      | Killed a slave
  5737 | D:4      | Reached skill level 3 in Axes
  5972 | D:4      | Reached XP level 6. HP: 39/52 MP: 7/7
  6548 | D:4      | Found a staircase to the Ecumenical Temple.
  6698 | Temple   | Entered the Ecumenical Temple
  6846 | D:5      | Entered Level 5 of the Dungeon
  7299 | D:5      | Noticed an ice beast
  7826 | D:5      | Noticed an ice beast
  7826 | D:5      | Found a shimmering altar of Xom.
  8033 | D:5      | Reached XP level 7. HP: 34/61 MP: 8/8
  8732 | D:6      | Noticed Menkaure
  8782 | D:6      | Killed Menkaure
  8782 | D:6      | Reached skill level 6 in Fighting
  8782 | D:6      | Reached skill level 6 in Armour
  8941 | D:6      | Reached XP level 8. HP: 48/70 MP: 9/9
  9031 | D:6      | You fall through a shaft!
  9033 | D:7      | Reached skill level 6 in Axes
 10004 | D:7      | Found an iron altar of Okawaru.
 10024 | D:7      | Became a worshipper of Warmaster Okawaru
 10941 | D:8      | Reached * piety under Okawaru
 11040 | D:8      | Found a staircase to the Lair.
 11088 | D:8      | Reached XP level 9. HP: 37/81 MP: 10/10
 11103 | D:8      | Reached skill level 1 in Invocations
 12153 | D:8      | Reached skill level 9 in Fighting
 12168 | D:8      | Reached skill level 3 in Invocations
 12181 | D:8      | Reached ** piety under Okawaru
 12181 | D:8      | Reached skill level 9 in Armour
 12328 | D:8      | Reached skill level 9 in Axes
 12471 | D:8      | Found Imahef's Antique Armour Boutique.
 12479 | D:8      | Bought an embroidered cloak for 180 gold pieces
 12883 | D:9      | Noticed a troll
 12911 | D:9      | Killed a troll
 12934 | D:9      | Noticed a two-headed ogre
 12958 | D:9      | Killed a two-headed ogre
 12958 | D:9      | Reached XP level 10. HP: 48/92 MP: 9/12
 13145 | D:9      | Noticed a two-headed ogre
 13158 | D:9      | Killed a two-headed ogre
 13540 | D:9      | Reached *** piety under Okawaru
 14142 | D:10     | Entered Level 10 of the Dungeon
 14989 | D:10     | Reached **** piety under Okawaru
 14989 | D:10     | Reached XP level 11. HP: 92/102 MP: 13/13
 15089 | D:10     | Noticed a two-headed ogre
 15106 | D:10     | Killed a two-headed ogre
 15204 | D:10     | Found Efaimipn's Gadget Shop.
 15208 | D:10     | Bought a wand of acid (7) for 330 gold pieces
 15297 | D:11     | Found a labyrinth entrance.
 15340 | D:11     | Noticed a six-headed hydra
 15360 | Lab      | Entered a labyrinth
 15742 | Lab      | Found an exit through the horrors of the Abyss.
 16239 | Lab      | Identified the +0 helmet of Zulanoiq {rN+++ MR+++ MP+9 Stlth-} (You found it in a labyrinth)
 16745 | Lab      | Noticed a minotaur
 16765 | Lab      | Slain by a minotaur

Vault maps used:
D:1:      minmay_arrival_split_and_join, minmay_misc_feat_more_columns
D:2:      uniq_terence, uniq_crazy_yiuf_cottage
D:3:      hangedman_glass_teeth, minmay_box_of_dots, uniq_grinder
D:4:      cheibrodos_pilgrimage, minmay_temple_entry_statues, first_ration,
          uniq_pikel
D:5:      hex_medium, kennysheep_big_empty_room, tgw_xom
D:6:      uniq_menkaure
D:7:      overflow_temple_1_default
D:8:      due_lair_maze_entry_diamond, serial_shops, shop
D:10:     serial_shops, shop
D:11:     lab_entry_generic
Temple:   compressed_dpeg_circular_temple
Lab:      nicolae_lab_diamond, nicolae_lab_hexagon, nicolae_lab_lava,
          labyrinth_skeletal_remains, nicolae_lab_arrow, nicolae_lab_do_over,
          nicolae_lab_swirl, nicolae_lab_grate_2, labyrinth_fake_exit

Skill      XL: |  1  2  3  4  5  6  7  8  9 10 11 |
---------------+----------------------------------+-----
Fighting       | 1 2 3 4 5 6 8 9 11 | 11.7
Armour         | 1 2 3 5 6 7 9 11 | 11.6
Axes           | 1 2 3 4 5 7 9 10 11 | 11.5
Invocations    | 4 |  4.3
Dodging        | |  2.7
Stealth        | |  1.5
Spellcasting   | |  1.3
Summonings     | |  2.9

Action                   |  1- 3 |  4- 6 |  7- 9 | 10-12 || total
-------------------------+-------+-------+-------+-------++-------
Melee: Unarmed           |     7 |       |       |       ||     7
       Short sword       |   107 |   518 |   219 |       ||   844
       Headbutt          |    15 |    40 |    89 |    93 ||   237
       Dagger            |       |       |   275 |   342 ||   617
       Hand axe          |       |       |    20 |       ||    20
       War axe           |       |       |       |    48 ||    48
       Punch             |       |       |       |     2 ||     2
Throw: Javelin           |    28 |    28 |       |     7 ||    63
 Cast: Summon Small Mamm |     7 |       |       |       ||     7
Invok: Heroism           |       |       |     9 |    18 ||    27
Evoke: Wand              |       |    18 |    25 |     4 ||    47
  Use: Potion            |       |     6 |     2 |     2 ||    10
       Scroll            |       |    10 |     8 |     6 ||    24
 Stab: Paralysed         |       |    13 |       |       ||    13
  Eat: Chunk             |     4 |    19 |    17 |    10 ||    50
       Ration            |       |       |       |     3 ||     3
Armor: Robe              |     7 |       |       |       ||     7
       Ring mail         |    20 |       |       |       ||    20
       Chain mail        |       |   315 |   298 |   256 ||   869
Dodge: Dodged            |    86 |   289 |   310 |   218 ||   903
Block: Other             |       |       |    83 |   105 ||   188

Table legend:
 A = Spawn XP
 B = Non-spawn XP
 C = Spawn XP percentage of total XP
 D = Spawn monster count
 E = Non-spawn monster count
 F = Spawn count percentage of total count
 G = Total turns spent on level
                    A         B        C        D         E        F      G
               +---------+---------+-------+---------+---------+-------+---------
         Total |       0 |   14350 |   0.0 |       0 |     237 |   0.0 | 16765
               +---------+---------+-------+---------+---------+-------+---------
           D:1 |       0 |      54 |   0.0 |       0 |      28 |   0.0 |  1628
           D:2 |       0 |      81 |   0.0 |       0 |      20 |   0.0 |  2427
           D:3 |       0 |      83 |   0.0 |       0 |      15 |   0.0 |  1489
           D:4 |       0 |     293 |   0.0 |       0 |      24 |   0.0 |  1366
           D:5 |       0 |     720 |   0.0 |       0 |      17 |   0.0 |  1830
           D:6 |       0 |     510 |   0.0 |       0 |      19 |   0.0 |   993
           D:7 |       0 |     387 |   0.0 |       0 |      17 |   0.0 |   939
           D:8 |       0 |    2776 |   0.0 |       0 |      38 |   0.0 |  2016
           D:9 |       0 |    3825 |   0.0 |       0 |      22 |   0.0 |  1694
          D:10 |       0 |    3598 |   0.0 |       0 |      25 |   0.0 |   804
          D:11 |       0 |     519 |   0.0 |       0 |       5 |   0.0 |    63
           Lab |       0 |    1504 |   0.0 |       0 |       7 |   0.0 |  1405
               +---------+---------+-------+---------+---------+-------+---------
